 Dungeon Crawl Stone Soup version 0.21.0-34-g9234887 (webtiles) character file.

65 tidbits the Charmwright (level 4, -1/38 HPs)
             Began as a Gnoll Skald on Jan 29, 2018.
             Slain by an ogre
             ... wielding a +0 giant club
              (28 damage)
             ... on level 4 of the Dungeon.
             The game lasted 00:04:36 (641 turns).

tidbits the Charmwright (Gnoll Skald)                Turns: 641, Time: 00:04:37

Health: -1/38      AC:  5    Str: 18    XL:     4   Next: 13%
Magic:  0/12       EV: 14    Int: 16    God:
Gold:   78         SH:  0    Dex: 14    Spells: 2/13 levels left

rFire    . . .     SeeInvis .   a - +0 war axe
rCold    . . .     Gourm    .   (no shield)
rNeg     . . .     Faith    .   b - +0 leather armour
rPois    .         Spirit   .   E - +2 hat
rElec    .         Reflect  .   (no cloak)
rCorr    .         Harm     .   (no gloves)
MR       .....                  (no boots)
Stlth    +.........             (no amulet)
HPRegen  0.12/turn              h - +4 ring of strength
MPRegen  0.13/turn              (no ring)

@: no status effects
A: distributed training, fangs 1, high mp 1, evolution 1, strong nose
a: no special abilities


You were on level 4 of the Dungeon.
You were not hungry.

You visited 1 branch of the dungeon, and saw 4 of its levels.

You collected 78 gold pieces.

Inventory:

Hand Weapons
 a - a +0 war axe (weapon)
 e - a +0 dagger
 n - a +0 hand axe
 o - a +4 flail
Armour
 b - a +0 leather armour (worn)
 i - a +0 ring mail
 E - a +2 hat (worn)
Jewellery
 h - a +4 ring of strength (left hand)
   (You found it on level 3 of the Dungeon)
Scrolls
 g - a scroll of amnesia
 j - a scroll of blinking {unknown}
 k - a scroll of magic mapping {unknown}
 l - a scroll of teleportation {unknown}
Potions
 f - a potion of lignification {unknown}
 m - a potion of haste
Books
 c - a book of Battle

   Spells                             Type                      Level
   a - Infusion                       Charms                       1
   b - Shroud of Golubria             Charms/Translocation         2
   c - Song of Slaying                Charms                       2
   d - Spectral Weapon                Hexes/Charms                 3
   e - Regeneration                   Charms/Necromancy            3
Comestibles
 d - 3 rations


   Skills:
 + Level 4.6 Fighting
 + Level 1.0 Short Blades
 + Level 1.0 Long Blades
 + Level 4.6 Axes
 + Level 1.0 Maces & Flails
 + Level 1.0 Polearms
 + Level 1.0 Staves
 + Level 1.0 Slings
 + Level 1.0 Bows
 + Level 1.0 Crossbows
 + Level 1.0 Throwing
 + Level 2.7 Armour
 + Level 4.6 Dodging
 + Level 1.0 Stealth
 + Level 1.0 Shields
 + Level 1.0 Unarmed Combat
 + Level 5.0 Spellcasting
 + Level 0.7 Conjurations
 + Level 0.7 Hexes
 + Level 5.4 Charms
 + Level 0.7 Summonings
 + Level 0.7 Necromancy
 + Level 0.7 Translocations
 + Level 0.7 Transmutations
 + Level 0.7 Fire Magic
 + Level 0.7 Ice Magic
 + Level 0.7 Air Magic
 + Level 0.7 Earth Magic
 + Level 0.7 Poison Magic
 + Level 1.1 Invocations
 + Level 1.0 Evocations


You had 2 spell levels left.
You knew the following spells:

 Your Spells              Type           Power        Failure   Level  Hunger
g - Shroud of Golubria    Chrm/Tloc      ##........   8%          2    #......
i - Infusion              Chrm           ###.         1%          1    None
r - Regeneration          Chrm/Necr      ##........   16%         3    ###....
w - Spectral Weapon       Hex/Chrm       ##......     16%         3    ###....
y - Song of Slaying       Chrm           ###.....     2%          2    #......


Dungeon Overview and Level Annotations

Branches:
Dungeon (4/15)
 Temple: D:4-7

Altars:
Okawaru
Trog
Xom
The Shining One


Innate Abilities, Weirdness & Mutations

Your experience applies equally to all skills.
You have very sharp teeth.
Your uncanny sense of smell can sniff out nearby items.
You have an increased reservoir of magic. (+10% MP)
You evolve.


Message History

Your spectral weapon closely misses the orc priest.
The orc priest miscasts a cantrip.
You closely miss the orc priest.
You kill the orc priest!
Your Short Blades skill increases to level 1!
Your Long Blades skill increases to level 1!
Your Maces & Flails skill increases to level 1!
Your Polearms skill increases to level 1!
Your Staves skill increases to level 1!
Your Slings skill increases to level 1!
Your Bows skill increases to level 1!
Your Crossbows skill increases to level 1!
Your Throwing skill increases to level 1!
Your Stealth skill increases to level 1!
Your Shields skill increases to level 1!
Your Unarmed Combat skill increases to level 1!
Your Invocations skill increases to level 1!
Your Evocations skill increases to level 1!
You have reached level 4!
You feel stronger.
There is a stone staircase leading down, spattered with blood here.
Things that are here:
a war axe; an orc corpse
n - a war axe Wield which item (- for none, * to show all)? (? for menu, Esc to quit)
Your spectral weapon disappears as you unwield.
n - a +0 war axe (weapon)
An orc comes into view. It is wielding a short sword.
Adjust (i)tems, (s)pells, or (a)bilities?
Adjust which item? (? for menu, Esc to quit)
n - a +0 war axe (weapon)
Adjust to which letter? (? for menu, Esc to quit)
a - a +0 war axe (weapon);
n - a +0 hand axe
Casting: Spectral Weapon
Confirm with . or Enter, or press ? or * to list all spells.
You draw out your weapon's spirit!
Things that are here:
a short sword; a leather armour; an orc corpse You hit the orc.
The orc is moderately wounded.
Your spectral weapon hits the orc.
The orc barely misses your spectral weapon.
An orc comes into view. It is wielding an enchanted flail.
You hit the orc.
You kill the orc!
You closely miss the orc.
Your spectral weapon hits the orc.
The orc closely misses you.
You completely miss the orc.
The orc is almost dead.
Your spectral weapon closely misses the orc.
The orc completely misses you.
You slash the orc!
You kill the orc!
Your magical contamination has completely faded away.
There is a stone staircase leading down, spattered with blood here.
Things that are here:
an enchanted flail; an orc corpse
o - an enchanted flail
Things that are here:
a short sword; a leather armour; an orc corpse
Things that are here:
a short sword; an orc corpse
Things that are here:
an enchanted whip; a leather armour You see here a glowing hat.
p - a glowing hat Wear which item? (? for menu, Esc to quit)
You start putting on your armour.
You continue putting on your glowing hat. x2
Your spectral weapon fades away.
You continue putting on your glowing hat. x2
You finish putting on your +2 hat.
Adjust (i)tems, (s)pells, or (a)bilities?
Adjust which item? (? for menu, Esc to quit)
Okay, then.
Casting: Spectral Weapon
Confirm with . or Enter, or press ? or * to list all spells.
Your skin crawls.
Adjust (i)tems, (s)pells, or (a)bilities?
Adjust which item? (? for menu, Esc to quit)
p - a +2 hat (worn)
Adjust to which letter? (? for menu, Esc to quit)
E - a +2 hat (worn)
Your skin is crawling a little less now.
Your skin stops crawling.
There is a stone staircase leading down, spattered with blood here.
You see here an orc corpse.
You climb downwards.
Found 12 gold pieces.
There is a stone staircase leading up here.
Unknown command.
An ogre comes into view. It is wielding a giant club.
Casting: Regeneration
Confirm with . or Enter, or press ? or * to list all spells.
You draw out your weapon's spirit!
The ogre shouts!
You closely miss the ogre.
Your spectral weapon barely misses the ogre.
The ogre hits you with a giant club!!
Ouch! That really hurt!
You die...

#.##..<#..#
#....#....#
######....##
####.........#
.......#..##.#
##.#.......# #
#.......#
#....#....#
#(@#.####.#
#.O..# #
....### ##....
..... ##.....
#..... #......


You could see an ogre and a friendly spectral war axe.

Vanquished Creatures
  An orc priest (D:3)
  An adder (D:3)
  2 worms
  4 orcs (D:3)
  2 goblins
  2 hobgoblins
  A bat (D:3)
  A frilled lizard (D:1)
  2 kobolds
  3 rats
19 creatures vanquished.

Notes
Turn   | Place    | Note
-------+----------+-------------------------------------------
     0 | D:1      | tidbits the Gnoll Skald began the quest for the Orb.
     0 | D:1      | Reached XP level 1. HP: 20/20 MP: 6/6
    24 | D:1      | Found an iron altar of Okawaru.
   283 | D:2      | Reached XP level 2. HP: 26/26 MP: 1/7
   287 | D:2      | Learned a level 2 spell: Song of Slaying
   290 | D:2      | Learned a level 2 spell: Shroud of Golubria
   368 | D:1      | Gained mutation: You have an increased reservoir of magic. (+10% MP) [potion of mutation]
   368 | D:1      | Gained mutation: You evolve. [potion of mutation]
   511 | D:3      | Found a shimmering altar of Xom.
   537 | D:3      | Found a bloodstained altar of Trog.
   537 | D:3      | Found a glowing golden altar of the Shining One.
   552 | D:3      | Reached XP level 3. HP: 31/31 MP: 7/10
   557 | D:3      | Learned a level 3 spell: Spectral Weapon
   564 | D:3      | Reached skill level 5 in Spellcasting
   569 | D:3      | Learned a level 3 spell: Regeneration
   589 | D:3      | Reached skill level 1 in Short Blades
   589 | D:3      | Reached skill level 1 in Long Blades
   589 | D:3      | Reached skill level 1 in Maces & Flails
   589 | D:3      | Reached skill level 1 in Polearms
   589 | D:3      | Reached skill level 1 in Staves
   589 | D:3      | Reached skill level 1 in Slings
   589 | D:3      | Reached skill level 1 in Bows
   589 | D:3      | Reached skill level 1 in Crossbows
   589 | D:3      | Reached skill level 1 in Throwing
   589 | D:3      | Reached skill level 1 in Stealth
   589 | D:3      | Reached skill level 1 in Shields
   589 | D:3      | Reached skill level 1 in Unarmed Combat
   589 | D:3      | Reached skill level 1 in Invocations
   589 | D:3      | Reached skill level 1 in Evocations
   589 | D:3      | Reached XP level 4. HP: 10/38 MP: 2/12
   639 | D:4      | Noticed an ogre
   641 | D:4      | Slain by an ogre

Skill      XL: |  1  2  3 |
---------------+----------+-----
Spellcasting   | 5 |  5.0
Short Blades   | 1 |  1.0
Long Blades    | 1 |  1.0
Maces & Flails | 1 |  1.0
Polearms       | 1 |  1.0
Staves         | 1 |  1.0
Slings         | 1 |  1.0
Bows           | 1 |  1.0
Crossbows      | 1 |  1.0
Throwing       | 1 |  1.0
Stealth        | 1 |  1.0
Shields        | 1 |  1.0
Unarmed Combat | 1 |  1.0
Invocations    | 1 |  1.1
Evocations     | 1 |  1.0
Fighting       | |  4.6
Axes           | |  4.6
Armour         | |  2.7
Dodging        | |  4.6
Conjurations   | |  0.7
Hexes          | |  0.7
Charms         | |  5.4
Summonings     | |  0.7
Necromancy     | |  0.7
Translocations | |  0.7
Transmutations | |  0.7
Fire Magic     | |  0.7
Ice Magic      | |  0.7
Air Magic      | |  0.7
Earth Magic    | |  0.7
Poison Magic   | |  0.7

Action                   |  1- 3 |  4- 6 || total
-------------------------+-------+-------++-------
Melee: Hand axe          |    40 |       ||    40
       Bite              |     3 |       ||     3
       War axe           |       |     6 ||     6
 Cast: Infusion          |     9 |       ||     9
       Spectral Weapon   |     2 |     2 ||     4
       Regeneration      |       |     1 ||     1
  Use: Scroll            |     3 |       ||     3
       Potion            |     1 |       ||     1
Armor: Leather armour    |     2 |       ||     2
Dodge: Dodged            |    21 |     2 ||    23

Table legend:
 A = Turns spent in this place as a percentage of turns spent in the entire game.
 B = Non-inter-level travel turns spent in this place as a percentage of non-inter-level travel turns spent in the entire game.
 C = Inter-level travel turns spent in this place as a percentage of turns spent in this place.
 D = Turns resting spent in this place as a percentage of non-inter-level travel turns spent in this place.
 E = Turns spent auto-exploring this place as a percentage of non-inter-level travel turns spent in this place.
 F = Non-inter-level travel turns spent in this place divided by the number of levels of this place that you've seen.
                   A       B       C       D       E      F
               +-------+-------+-------+-------+-------+----------------------
         Total | 100.0 | 100.0 |   0.0 |   0.0 |   0.0 | 160.2
       Dungeon | 100.0 | 100.0 |   0.0 |   0.0 |   0.0 | 160.2
               +-------+-------+-------+-------+-------+----------------------

Table legend:
 A = Kills in this place as a percentage of kills in entire the game.
 B = Kills by you in this place as a percentage of kills by you in the entire game.
 C = Kills by friends in this place as a percentage of kills by friends in the entire game.
 D = Other kills in this place as a percentage of other kills in the entire game.
 E = Experience gained in this place as a percentage of experience gained in the entire game.
 F = Experience gained in this place divided by the number of levels of this place that you have seen.
                   A       B       C       D       E      F
               +-------+-------+-------+-------+-------+----------------------
         Total | 100.0 | 100.0 |   N/A |   N/A | 100.0 |  23.2
       Dungeon | 100.0 | 100.0 |   N/A |   N/A | 100.0 |  23.2
               +-------+-------+-------+-------+-------+----------------------

Vault maps used:
D:1:      dpeg_arrival_water_altar
D:2:      nemelex_dance_club_becter, uniq_sigmund, uniq_natasha
D:3:      xom_butterflies, amethyst_overflow_temple_binary, first_ration
D:4:      nicolae_gozag_seed_capital, uniq_blork_the_orc
